 Dungeon Crawl Stone Soup version 0.31-a0-889-g1a8549509d (webtiles) character file.

Game seed: 9269741654524106161

595 Error4North the Ruffian (level 7, -4/57 HPs)
             Began as a Pale Draconian Shapeshifter on Oct 17, 2023.
             Was an Initiate of Wu Jian.
             Slain by an ogre
             ... wielding a +0 giant club
              (32 damage)
             ... on level 5 of the Dungeon.
             The game lasted 00:19:31 (4075 turns).

Error4North the Ruffian (DrSh)                      Turns: 4075, Time: 00:19:32

Health: -4/57      AC:  6    Str: 19    XL:     7   Next: 17%
Magic:  7/7        EV: 12    Int: 16    God:    Wu Jian [......]
Gold:   156        SH:  0    Dex: 10    Spells: 3/6 levels left

rFire   . .          .
                       - Unarmed
rCold   . . .        (no shield)
rNeg    . . .        (body armour unavailable)
rPois   .            (helmet currently unavailable)
rElec   .            (cloak currently unavailable)
rCorr   .            (gloves currently unavailable)
SInv    .            (boots currently unavailable)
Will    .....        (no amulet)
Stlth   ++           f - +6 ring of intelligence
HPRegen 0.29/turn    (no ring)
MPRegen 0.10/turn

%: no passive effects
@: short of breath, beast-form, attractive
A: beast (slay +2), breathe steam, AC +6, unfitting armour, cold-blooded, steam
resistance
a: Breathe Steam, Begin Untransformation, Renounce Religion


You were on level 5 of the Dungeon.
You worshipped Wu Jian.
Wu Jian was noncommittal.
You were a hulking beast.
You visited 2 branches of the dungeon, and saw 6 of its levels.

You collected 156 gold pieces.

Inventory:

Missiles
 l - a throwing net (quivered)
Jewellery
 f - a +6 ring of intelligence (left hand)
 o - an amulet of the acrobat
Talismans
 b - a beast talisman (active)
 c - a flux talisman
Scrolls
 d - 4 scrolls of amnesia {unknown}
 e - a scroll of brand weapon {unknown}
 g - a scroll of fear {unknown}
 h - a scroll of blinking
 i - 8 scrolls of identify {unknown}
 k - a scroll of poison {unknown}
 m - a scroll of teleportation {unknown}
 p - a scroll of vulnerability {unknown}
 s - 2 scrolls of revelation {unknown}
Potions
 a - 3 potions of lignification
 q - a potion of curing {unknown}
 r - a potion of magic {unknown}


   Skills:
 * Level 3.2 Fighting
 * Level 3.1 Dodging
 + Level 1.8 Stealth
 + Level 5.5 Unarmed Combat
 + Level 0.3 Spellcasting
 + Level 0.6 Transmutations
 + Level 0.4 Poison Magic
 * Level 4.3 Shapeshifting


You had 3 spell levels left.
You knew the following spells:

 Your Spells              Type           Power      Damage    Failure   Level
a - Wereblood             Tmut           2%         N/A       28%         2
b - Sting                 Tmut/Pois      4%         1d3       21%         1

Your spell library contained the following spells:

 Spells                   Type           Power      Damage    Failure   Level
 Poisonous Vapours        Pois/Air       0%         N/A       34%         2
 Olgreb's Toxic Radiance  Pois           1%         N/A       90%         4
 Summon Ice Beast         Ice/Summ       0%         N/A       94%         4
 Irradiate                Conj/Tmut      0%         3d11      99%         5
 Summon Mana Viper        Hex/Summ       0%         N/A       100%        5
 Monstrous Menagerie      Summ           0%         N/A       100%        7


Dungeon Overview and Level Annotations

Branches:
Dungeon (5/15)             Temple (1/1) D:5

Altars:
Ashenzari
Dithmenos
Elyvilon
Hepliaklqana
Kikubaaqudgha
Makhleb
Nemelex Xobeh
Okawaru
Ru
Trog
Uskayaw
Wu Jian
Xom
Zin


Innate Abilities, Weirdness & Mutations

You are a hulking beast.
Your limbs bulge with bestial killing power. (Slay +2)
You can breathe blasts of scalding, opaque steam.
Your pale cyan-grey scales are hard. (AC +6)
You cannot fit into any form of body armour.
You are cold-blooded and may be slowed by cold attacks.
You are immune to the effects of steam.


Message History

You feel sick.
The water moccasin bites you but does no damage.
You hit the water moccasin.
The water moccasin is moderately wounded.
You feel sick. The water moccasin bites you.
You miss the water moccasin.
The water moccasin is moderately wounded.
You feel sick. The water moccasin misses you.
The water moccasin closely misses you.
You closely miss the water moccasin.
The water moccasin is moderately wounded.
You feel sick. The water moccasin closely misses you.
You barely miss the water moccasin.
The water moccasin is moderately wounded.
You feel sick.
The water moccasin bites you but does no damage.
You barely miss the water moccasin.
Your tail-slap misses the water moccasin.
The water moccasin is moderately wounded.
You feel sick. The water moccasin barely misses you.
You closely miss the water moccasin.
The water moccasin is moderately wounded.
You feel sick. The water moccasin bites you.
You feel sick.
You are no longer poisoned.
The water moccasin bites you.
Aiming: Breathe Steam (1% risk of failure)
Press: ? - help, Shift-Dir - straight line, f - ogre
Aim: an ogre, wielding a +0 giant club (86% to hit)
You exhale a blast of scalding steam.
The ball of steam hits the ogre!
The ogre is moderately wounded.
The water moccasin bites you.
The ogre is engulfed in a cloud of scalding steam.
The water moccasin bites you.
It was a potion of attraction.
You feel attractive to monsters.
The ogre is engulfed in a cloud of scalding steam.
The ogre hits you with a +0 giant club!!
Ouch! That really hurt!
You die...

#....#...#
#....#..##
#...#....#'###
#...#....#...#
#...#....#...#
#...#....#...#
#...#ยง...#...#
#...#OS..#...#
#...#.h..#'###
#####...#........#
........#........#
........'........#
........#........#
........#........#
#+##.............#
###############


You could see a water moccasin and an ogre.

Vanquished Creatures
  Edmund (D:4)
  An ogre (D:4)
  A scorpion (D:5)
  2 hounds (D:4)
  An orc priest (D:3)
  A sleepcap (D:4)
  Natasha (twice) (D:2)
  7 gnolls
  2 worms (D:2)
  2 dart slugs
  5 orcs
  4 bats (D:1)
  11 endoplasms
  4 giant cockroaches
  7 goblins
  8 hobgoblins
  8 jackals
  4 kobolds
  5 quokkas
  8 ball pythons
  2 frilled lizards (D:2)
  5 rats
91 creatures vanquished.

Notes
Turn   | Place    | Note
-------+----------+-------------------------------------------
     0 | D:1      | Error4North the Draconian Shapeshifter began the quest for
                  | the Orb.
     0 | D:1      | Reached XP level 1. HP: 16/16 MP: 1/1
   143 | D:1      | Reached XP level 2. HP: 14/23 MP: 2/2
   453 | D:1      | Reached XP level 3. HP: 28/28 MP: 3/3
  1249 | D:2      | Reached skill level 1 in Stealth
  1398 | D:2      | Noticed Natasha
  1412 | D:2      | Killed Natasha
  1413 | D:2      | Reached XP level 4. HP: 15/36 MP: 4/4
  1497 | D:2      | Noticed Natasha
  1506 | D:2      | Killed Natasha
  1507 | D:2      | Reached skill level 4 in Unarmed Combat
  1617 | D:2      | Reached XP level 5. HP: 26/41 MP: 5/5
  1977 | D:2      | Learned a level 2 spell: Wereblood
  1979 | D:2      | Learned a level 1 spell: Sting
  1984 | D:3      | Noticed a +0 short sword
  1985 | D:3      | Noticed a +0 falchion
  1985 | D:3      | Noticed a +0 short sword
  1988 | D:3      | Noticed a +0 spear
  1989 | D:3      | Noticed a +0 dagger
  2068 | D:3      | Noticed a +0 spear
  2070 | D:3      | Noticed a +0 falchion
  2070 | D:3      | Noticed a +0 dagger
  2894 | D:3      | Found a hide-covered altar of Uskayaw.
  2966 | D:4      | Noticed an ogre
  3066 | D:4      | Reached XP level 6. HP: 46/50 MP: 4/6
  3183 | D:4      | Noticed Edmund
  3210 | D:4      | Killed Edmund
  3211 | D:4      | Reached skill level 5 in Unarmed Combat
  3438 | D:4      | Found an ornate altar of the Wu Jian Council.
  3438 | D:4      | Found a hazy altar of Hepliaklqana.
  3443 | D:4      | Became a worshipper of the Wu Jian Council
  3468 | D:4      | Your scales start taking on a pale cyan-grey colour.
  3468 | D:4      | Reached XP level 7. HP: 51/57 MP: 7/7
  3468 | D:4      | Gained mutation: You are immune to the effects of steam.
                  | [Pale Draconian growth]
  3570 | D:5      | Entered Level 5 of the Dungeon
  3570 | D:5      | Found a staircase to the Ecumenical Temple.
  3581 | Temple   | Entered the Ecumenical Temple
  4075 | D:5      | Slain by an ogre

Illustrated notes

Levels and vault maps discovered:
D:1:      minmay_arrival_pointy, layout_basic
D:2:      layout_basic, minmay_octomino_j4, uniq_natasha
D:3:      layout_loops_ring, nicolae_uskayaw_en_pointe
D:4:      layout_cave_pools, jmf_multi_god_temple, uniq_edmund
D:5:      layout_gridville, minmay_temple_entry_grid, minmay_checkerbox
Temple:   grunt_temple_mini_profane

Skill      XL: |  1  2  3  4  5  6 |
---------------+-------------------+-----
Dodging        | 2 3 |  3.1
Stealth        | 1 |  1.8
Fighting       | 2 3 |  3.2
Unarmed Combat | 4 5 |  5.5
Shapeshifting  | 4 |  4.3
Spellcasting   | |  0.3
Transmutations | |  0.6
Poison Magic   | |  0.4

Action                     |  1- 3 |  4- 6 |  7- 9 || total
---------------------------+-------+-------+-------++-------
  Melee: Unarmed           |   112 |   132 |    25 ||   269
         Tailslap          |    12 |    27 |     2 ||    41
         Punch             |     3 |     1 |       ||     4
   Cast: Sting             |       |     7 |     1 ||     8
         Wereblood         |       |     2 |       ||     2
Ability: Lunge             |       |     1 |     1 ||     2
         Breathe Steam     |       |       |     2 ||     2
    Use: Potion            |     1 |     3 |     2 ||     6
         Scroll            |       |       |     1 ||     1
   Stab: Sleeping          |     4 |     1 |       ||     5
 Armour: Skin              |    57 |    53 |    22 ||   132
  Dodge: Dodged            |    62 |    58 |    13 ||   133

Table legend: (Time is in decaauts)
 A = Elapsed time spent in this place.
 B = Non-inter-level travel time spent in this place.
 C = Inter-level travel time spent in this place.
 D = Time resting spent in this place.
 E = Time spent auto-exploring this place.
 F = Levels seen in this place.
 G = Mean time per level.
                   A        B        C        D        E       F      G
               +--------+--------+--------+--------+--------+-----+--------+
         Total |   4065 |   4010 |     55 |    185 |   2706 |   6 |  677.5 |
       Dungeon |   3893 |   3838 |     55 |    185 |   2706 |   5 |  778.6 |
        Temple |    171 |    171 |      0 |      0 |      0 |   1 |  171.0 |
               +--------+--------+--------+--------+--------+-----+--------+

Top non-repeatable levels by time:
     D:1: 1058 daAuts
     D:2: 989 daAuts
     D:3: 916 daAuts
     D:4: 788 daAuts
  Temple: 171 daAuts
     D:5: 141 daAuts
